[Event "Titled Tuesday Blitz April 4 Early 2023"]
[White "Sanchez, Robert"]
[Black "Estremera Panos, Sergio"]
[WhiteFideId "2034360"]
[BlackFideId "2200864"]
[WhiteElo "2034"]
[BlackElo "2253"]
[Result "0-1"]
[Round "06"]
[TimeControl "180+2"]
[Date "2023.04.04"]
[WhiteClock "0:01:23"]
[BlackClock "0:01:42"]

1. e4 c5 2. Nf3 Nc6 3. d4 cxd4 4. Nxd4 e5 5. Nb5 d6 6. N1c3 a6 7. Na3 Be7 8. Nd5 Nf6 9. Bd3 O-O 10. O-O Be6 11. c4 Nd4 12. Nc2 Rb8 13. Nxd4 exd4 14. Bc2 b5 15. b3 bxc4 16. bxc4 Nd7 17. Nxe7+ Qxe7 18. Qxd4 Ne5 19. Bb3 Rfc8 20. Bb2 Bxc4 21. f4 Bxf1 22. Rxf1 a5 23. fxe5 dxe5 24. Qd5 Rf8 25. Bxe5 Rbe8 26. Bd6 Qxe4 27. Qxe4 Rxe4 0-1


[Site "https://www.chess.com"]

[Event "Titled Tuesday Blitz April 4 Early 2023"]
[White "rionelG"]
[Black "Latreche, Khadidja"]
[BlackFideId "7901780"]
[WhiteElo "2192"]
[BlackElo "1869"]
[Result "1-0"]
[Round "06"]
[TimeControl "180+2"]
[Date "2023.04.04"]
[WhiteClock "0:00:39"]
[BlackClock "0:00:13"]

1. e4 e5 2. Nf3 Nc6 3. d4 exd4 4. Nxd4 Nf6 5. Nxc6 bxc6 6. e5 Nd5 7. c4 Nb6 8. Bd3 Bb4+ 9. Bd2 Bxd2+ 10. Nxd2 Qg5 11. O-O O-O 12. f4 Qe7 13. Qh5 g6 14. Qh6 d6 15. Rae1 d5 16. Kh1 Ba6 17. f5 f6 18. fxg6 Qg7 19. gxh7+ Kh8 20. Qxg7+ Kxg7 21. exf6+ Kh8 22. Re7 dxc4 23. Be2 Rad8 24. Ne4 Nd5 25. Re6 Bc8 26. Rxc6 Rde8 27. Bf3 Bb7 28. Rxc4 Ne3 29. Rfc1 Nxc4 30. Rxc4 Bxe4 31. Bxe4 Rxf6 32. h3 Rfe6 33. Bf5 Re1+ 34. Kh2 R1e7 35. h4 Rb8 36. b3 Rb6 37. h5 Rh6 38. g4 Rhxh7 39. Bxh7 Kxh7 40. Kg3 Kh6 41. Kh4 Re1 42. Rc6+ Kg7 43. Rxc7+ 1-0


[Site "https://www.chess.com"]

[Event "Titled Tuesday Blitz April 4 Early 2023"]
[White "Alekseenko, Kirill"]
[Black "Firouzja, Alireza"]
[WhiteFideId "4135539"]
[BlackFideId "12573981"]
[WhiteElo "2683"]
[BlackElo "2904"]
[Result "0-1"]
[Round "07"]
[TimeControl "180+2"]
[Date "2023.04.04"]
[WhiteClock "0:00:07"]
[BlackClock "0:00:08"]

1. e4 c5 2. Nf3 d6 3. d4 cxd4 4. Nxd4 Nf6 5. Nc3 a6 6. Nb3 Nc6 7. Be3 Ng4 8. Bg5 h6 9. Bd2 Nf6 10. Bd3 g5 11. f4 gxf4 12. Bxf4 Bg7 13. Qd2 Be6 14. O-O h5 15. Kh1 h4 16. Rae1 Nh5 17. Be3 Ne5 18. Be2 Bg4 19. Bxg4 Nxg4 20. Qd5 e6 21. Qg5 Bxc3 22. bxc3 Nxe3 23. Qxd8+ Rxd8 24. Rxe3 Ke7 25. Na5 Rd7 26. Ref3 Rh7 27. Rb1 Nf6 28. Re3 Rh5 29. Nxb7 Rb5 30. Rxb5 axb5 31. Na5 Rc7 32. Nb3 Ng4 33. Re2 Rxc3 34. h3 Ne5 35. Nd4 b4 36. Kg1 Ra3 37. Re1 Rxa2 38. Rb1 Ra4 39. Kf2 b3 40. Nxb3 Rxe4 41. Nd2 Ra4 42. Rb7+ Kf6 43. Ke3 d5 44. Nf3 Re4+ 45. Kf2 Nxf3 46. Kxf3 Rc4 47. Rb2 Kf5 48. Ra2 Rc3+ 49. Kf2 e5 50. Ke2 d4 51. Kf2 Kf4 52. Kg1 f5 53. Rb2 e4 54. Kf2 Rc4 55. Ra2 Rb4 56. Kf1 Kg3 57. Ra3+ e3 58. Ra5 Rb1+ 59. Ke2 Rg1 60. Rxf5 Rxg2+ 61. Kd1 Rd2+ 62. Kc1 Rf2 63. Rd5 Rf1+ 64. Kb2 e2 0-1


[Site "https://www.chess.com"]

[Event "Titled Tuesday Blitz April 4 Early 2023"]
[White "Svane, Rasmus"]
[Black "Korobov, Anton"]
[WhiteFideId "4657101"]
[BlackFideId "14105730"]
[WhiteElo "2597"]
[BlackElo "2638"]
[Result "1/2-1/2"]
[Round "07"]
[TimeControl "180+2"]
[Date "2023.04.04"]
[WhiteClock "0:00:17"]
[BlackClock "0:00:25"]

1. Nf3 Nf6 2. g3 d5 3. Bg2 c6 4. O-O Bf5 5. c4 e6 6. Qb3 Qb6 7. d3 Nbd7 8. cxd5 exd5 9. Qc2 Qc5 10. Qc3 Be7 11. Be3 Qxc3 12. bxc3 Nc5 13. a4 Ng4 14. Bd4 Ne6 15. h3 Nf6 16. Nbd2 Nxd4 17. Nxd4 Bd7 18. Rfb1 Rb8 19. c4 O-O 20. Ra2 a5 21. cxd5 Nxd5 22. Bxd5 cxd5 23. Kg2 Rfc8 24. N2f3 f6 25. Nb5 Bb4 26. Nfd4 Rc5 27. Nc2 Bxb5 28. Nxb4 axb4 29. axb5 Rxb5 30. Rab2 Kf7 31. Kf3 Ke6 32. Ke3 Kd6 33. Kd4 Ra8 34. Rxb4 Ra4 35. Rxa4 Rxb1 36. Ra8 Rb2 37. Rg8 Rxe2 38. Rxg7 Rxf2 39. Rxb7 Rf3 40. Rxh7 Rxg3 41. h4 Rg4+ 42. Ke3 Ke5 43. Kf3 Rf4+ 44. Ke3 d4+ 45. Ke2 Kf5 46. h5 Rh4 47. Rh8 Kg5 48. Kf3 Rxh5 49. Rxh5+ Kxh5 50. Ke4 Kg4 51. Kxd4 f5 52. Ke3 Kg3 53. Ke2 f4 54. Kf1 Kf3 55. d4 Ke4 56. Kf2 Kxd4 57. Kf3 1/2-1/2


[Site "https://www.chess.com"]

[Event "Titled Tuesday Blitz April 4 Early 2023"]
[White "Narayanan, Srinath"]
[Black "Duda, Jan-Krzysztof"]
[WhiteFideId "5018420"]
[BlackFideId "1170546"]
[WhiteElo "2438"]
[BlackElo "2790"]
[Result "0-1"]
[Round "07"]
[TimeControl "180+2"]
[Date "2023.04.04"]
[WhiteClock "0:00:01"]
[BlackClock "0:00:06"]

1. Nf3 Nf6 2. c4 e6 3. e3 d5 4. Nc3 Bd6 5. b3 O-O 6. Bb2 a6 7. Rc1 Re8 8. g3 c5 9. cxd5 exd5 10. Bg2 Nc6 11. d4 cxd4 12. Nxd4 Nxd4 13. Qxd4 Be5 14. Qd2 Be6 15. Ne2 Bxb2 16. Qxb2 h5 17. O-O h4 18. Nf4 hxg3 19. hxg3 Qe7 20. Rfd1 Rad8 21. Qd4 Rd7 22. Qc5 Kf8 23. Rd2 Red8 24. Qd4 Ne4 25. Rdc2 Bf5 26. Rc8 Nf6 27. Qb6 Kg8 28. Rxd8+ Qxd8 29. Qxd8+ Rxd8 30. Rc7 b5 31. Ne2 Rc8 32. Rxc8+ Bxc8 33. Nd4 Kf8 34. Kf1 Ke7 35. Ke2 Kd6 36. Kd3 b4 37. Kd2 a5 38. f3 Nd7 39. Bh3 g6 40. Bxd7 Bxd7 41. g4 g5 42. Ne2 f5 43. gxf5 Bxf5 44. Nd4 Bb1 45. Kc1 Bg6 46. Ne2 Bd3 47. Ng3 Bg6 48. Kb2 Ke5 49. a3 d4 50. axb4 axb4 51. Nf1 Bd3 52. exd4+ Kxd4 53. Nh2 Ke3 54. Kc1 Bf5 55. Nf1+ Kxf3 56. Kd2 g4 57. Ke1 g3 58. Nd2+ Kg2 59. Ke2 Kh1 60. Ke3 g2 61. Nf3 Bg4 62. Ne5 g1=Q+ 0-1


[Site "https://www.chess.com"]

[Event "Titled Tuesday Blitz April 4 Early 2023"]
[White "Mamedov, Rauf"]
[Black "Rasulov, Vugar"]
[WhiteFideId "13401653"]
[BlackFideId "13402390"]
[WhiteElo "2635"]
[BlackElo "2509"]
[Result "0-1"]
[Round "07"]
[TimeControl "180+2"]
[Date "2023.04.04"]
[WhiteClock "0:00:04"]
[BlackClock "0:00:04"]

1. e4 e5 2. Nf3 Nf6 3. Nc3 Nc6 4. Bb5 Bb4 5. O-O O-O 6. d3 Bxc3 7. bxc3 d6 8. Bg5 Qe7 9. Rb1 Nd8 10. Bc4 Ne6 11. Bh4 Nf4 12. Re1 c6 13. d4 Ng6 14. Bg3 Rd8 15. Ng5 Rf8 16. h3 h6 17. Nf3 Rd8 18. Bh2 b6 19. a4 Kh7 20. Qc1 Rb8 21. Qa3 Qc7 22. Qa2 Kg8 23. Rbd1 Re8 24. Qa3 b5 25. axb5 cxb5 26. Ba2 a5 27. Rb1 Bb7 28. dxe5 dxe5 29. Rxb5 Bxe4 30. Rc5 Qd6 31. Nxe5 Nxe5 32. Bxe5 Qd2 33. Rf1 Rbc8 34. Rxa5 Nd5 35. Bxd5 Bxd5 36. Bd4 Bc4 37. Qc1 Qe2 38. Rd1 Rb8 39. Rc5 Ba6 40. Ra5 Bb7 41. Ra1 Qe4 42. f3 Qg6 0-1


[Site "https://www.chess.com"]

[Event "Titled Tuesday Blitz April 4 Early 2023"]
[White "Pakleza, Zbigniew"]
[Black "Andreikin, Dmitry"]
[WhiteFideId "1119290"]
[BlackFideId "4158814"]
[WhiteElo "2410"]
[BlackElo "2736"]
[Result "0-1"]
[Round "07"]
[TimeControl "180+2"]
[Date "2023.04.04"]
[WhiteClock "0:00:08"]
[BlackClock "0:01:02"]

1. d4 Nf6 2. Nf3 e6 3. Bf4 Nh5 4. Bg5 Be7 5. Bxe7 Qxe7 6. Nbd2 d6 7. g3 e5 8. e3 O-O 9. Bg2 Nf6 10. O-O e4 11. Ne1 Bg4 12. f3 exf3 13. Nexf3 Qxe3+ 14. Kh1 Nc6 15. c3 Rae8 16. Qb3 Bc8 17. Nc4 Qh6 18. Qc2 Ng4 19. Qd2 Qh5 20. Rae1 Be6 21. b3 Bd5 22. h3 Nf6 23. Qg5 Bxf3 0-1


[Site "https://www.chess.com"]

[Event "Titled Tuesday Blitz April 4 Early 2023"]
[White "Hakobyan, Aram"]
[Black "Milikow, Yoav"]
[WhiteFideId "13306677"]
[BlackFideId "2822237"]
[WhiteElo "2584"]
[BlackElo "2410"]
[Result "1-0"]
[Round "07"]
[TimeControl "180+2"]
[Date "2023.04.04"]
[WhiteClock "0:00:45"]
[BlackClock "0:00:02"]

1. d4 Nf6 2. c4 e6 3. Nc3 d5 4. Nf3 Bb4 5. Bg5 h6 6. Bxf6 Qxf6 7. e3 O-O 8. Rc1 dxc4 9. Bxc4 c5 10. O-O cxd4 11. Ne4 Qe7 12. a3 Ba5 13. exd4 Rd8 14. b4 Bb6 15. Rc3 Nc6 16. Rd3 Bd7 17. Re1 Qf8 18. Ng3 Rac8 19. Bb3 Ne7 20. Ne5 Be8 21. Nh5 Kh8 22. Nf4 g5 23. Nh5 Ng8 24. Ng3 Rc7 25. Ne4 Qg7 26. Nc5 Bb5 27. Rd2 Nf6 28. Nxf7+ Rxf7 29. Nxe6 Qg6 30. Nxd8 Bxd8 31. Qf3 Rd7 32. a4 Bc6 33. d5 g4 34. Qc3 Qg5 35. Red1 Kh7 36. dxc6 Rxd2 37. Qxd2 Qxd2 38. Rxd2 Be7 39. c7 1-0


[Site "https://www.chess.com"]

[Event "Titled Tuesday Blitz April 4 Early 2023"]
[White "Zemlyanskii, Ivan"]
[Black "Lenderman, Aleksandr"]
[WhiteFideId "24249971"]
[BlackFideId "2021285"]
[WhiteElo "2419"]
[BlackElo "2607"]
[Result "1-0"]
[Round "07"]
[TimeControl "180+2"]
[Date "2023.04.04"]
[WhiteClock "0:00:18"]
[BlackClock "0:01:12"]

1. d4 d5 2. c4 e6 3. Nc3 a6 4. e3 Nf6 5. Nf3 c5 6. cxd5 exd5 7. g3 c4 8. Bg2 Bb4 9. Bd2 O-O 10. O-O b5 11. Ne5 Be7 12. b3 b4 13. Nxd5 Nxd5 14. bxc4 Nc7 15. Qa4 Ra7 16. Bxb4 Bb7 17. Rab1 Bxg2 18. Kxg2 Ne6 19. Bxe7 Qxe7 20. Rb2 Nc5 21. Qa3 Ne4 22. Qd3 Nf6 23. Rfb1 Nfd7 24. Qe4 Nxe5 25. Rxb8 Ng6 26. Rxf8+ Nxf8 27. Qxe7 Rxe7 28. Rb8 Ra7 29. c5 f6 30. Kf3 Kf7 31. Ke4 Ne6 32. Kd5 Ke7 33. Kc6 Nd8+ 34. Kb6 Rd7 35. Kxa6 Nc6 36. Rb7 Rxb7 37. Kxb7 Kd7 38. a4 Na5+ 39. Kb6 Nc4+ 40. Kb5 Na3+ 41. Kb4 Nc2+ 42. Kc4 Na3+ 43. Kd5 Nb1 44. a5 Nc3+ 45. Kc4 Nd1 46. a6 Kc7 47. d5 Nxf2 48. d6+ Kc6 49. a7 Kb7 50. a8=Q+ Kxa8 51. d7 1-0


[Site "https://www.chess.com"]

[Event "Titled Tuesday Blitz April 4 Early 2023"]
[White "Gurel, Ediz"]
[Black "Flores, Diego"]
[WhiteFideId "44507356"]
[BlackFideId "108049"]
[WhiteElo "2352"]
[BlackElo "2613"]
[Result "1-0"]
[Round "07"]
[TimeControl "180+2"]
[Date "2023.04.04"]
[WhiteClock "0:01:07"]
[BlackClock "0:00:50"]

1. e4 c5 2. Nc3 Nc6 3. g3 g6 4. Bg2 Bg7 5. Nge2 e6 6. d3 Nge7 7. Be3 Nd4 8. Qd2 d6 9. h4 h5 10. O-O e5 11. Nd1 O-O 12. c3 Ne6 13. d4 exd4 14. cxd4 d5 15. dxc5 d4 16. Bh6 d3 17. Nec3 Bxh6 18. Qxh6 Nxc5 19. Ne3 Qd4 20. Ncd5 Nxd5 21. Nxd5 Be6 22. Ne7# 1-0


[Site "https://www.chess.com"]

[Event "Titled Tuesday Blitz April 4 Early 2023"]
[White "Indjic, Aleksandar"]
[Black "Kilic, Eray"]
[WhiteFideId "911925"]
[BlackFideId "44517173"]
[WhiteElo "2614"]
[BlackElo "2328"]
[Result "1-0"]
[Round "07"]
[TimeControl "180+2"]
[Date "2023.04.04"]
[WhiteClock "0:01:39"]
[BlackClock "0:00:53"]

1. e4 c5 2. Nc3 Nc6 3. Bb5 Nd4 4. Nf3 e6 5. Bd3 Nc6 6. O-O a6 7. b3 g6 8. Bb2 Bg7 9. Na4 Bxb2 10. Nxb2 d6 11. Re1 Nge7 12. e5 dxe5 13. Nxe5 O-O 14. a4 Qc7 15. Nbc4 Nxe5 16. Nxe5 Nc6 17. Nxc6 Qxc6 18. a5 Rd8 19. Ra4 Rd4 20. Rxd4 cxd4 21. Qe2 Qd6 22. Qe5 Qxe5 23. Rxe5 Bd7 24. Re4 Rc8 25. Rxd4 Bb5 26. Bxb5 axb5 27. c3 Ra8 28. b4 b6 29. a6 Rxa6 30. Kf1 Kf8 31. Rd7 Kg7 32. Ke2 Kf6 33. g3 e5 34. Rd5 Ke6 35. Rxb5 Kd6 36. c4 f6 37. Rd5+ Kc6 38. b5+ 1-0


[Site "https://www.chess.com"]

[Event "Titled Tuesday Blitz April 4 Early 2023"]
[White "Yanchenko, Roman"]
[Black "Drygalov, Andrey"]
[WhiteFideId "4137329"]
[BlackFideId "24171735"]
[WhiteElo "2491"]
[BlackElo "2466"]
[Result "1-0"]
[Round "07"]
[TimeControl "180+2"]
[Date "2023.04.04"]
[WhiteClock "0:01:10"]
[BlackClock "0:00:08"]

1. d4 Nf6 2. Nf3 d5 3. c4 e6 4. Nc3 c6 5. Bg5 h6 6. Bh4 Be7 7. e3 O-O 8. Qc2 Nbd7 9. Rd1 a6 10. a3 Re8 11. h3 dxc4 12. Bxc4 b5 13. Ba2 Bb7 14. O-O Qb6 15. Ne5 c5 16. dxc5 Nxc5 17. Bb1 Nce4 18. Bxf6 Nxf6 19. Nd7 Qc6 20. Nxf6+ Bxf6 21. Qh7+ Kf8 22. Be4 Qc7 23. Bxb7 Qxb7 24. Ne4 Be5 25. Nc5 Qc7 26. Rd7 g6 27. Qxf7# 1-0


[Site "https://www.chess.com"]

[Event "Titled Tuesday Blitz April 4 Early 2023"]
[White "Durarbayli, Vasif"]
[Black "Csonka, Balazs"]
[WhiteFideId "13402935"]
[BlackFideId "742910"]
[WhiteElo "2551"]
[BlackElo "2404"]
[Result "1/2-1/2"]
[Round "07"]
[TimeControl "180+2"]
[Date "2023.04.04"]
[WhiteClock "0:00:10"]
[BlackClock "0:00:05"]

1. e4 c6 2. d4 d5 3. exd5 cxd5 4. c4 Nf6 5. Nc3 Nc6 6. Nf3 Bg4 7. cxd5 Nxd5 8. Qb3 Bxf3 9. gxf3 e6 10. Qxb7 Nxd4 11. Bb5+ Nxb5 12. Qc6+ Ke7 13. Qc5+ Ke8 14. Qc6+ Ke7 15. Qc5+ Ke8 16. Qxb5+ Qd7 17. Nxd5 exd5 18. Qe2+ Qe6 19. Be3 f6 20. O-O-O Kf7 21. Qd3 d4 22. Bxd4 Qxa2 23. Bc3 Be7 24. Rhe1 Rhd8 25. Qe4 Rxd1+ 26. Kxd1 Rd8+ 27. Kc2 Rd7 28. f4 Qd5 29. Qxh7 Qf3 30. Qe4 Qxe4+ 31. Rxe4 Bc5 32. f3 Kg6 33. Be1 Kf5 34. Bg3 Bb6 35. Rc4 Rc7 36. Kd3 Rxc4 37. Kxc4 Bc7 38. Kb5 Bxf4 39. Ka6 Be3 40. Bb8 g5 41. b4 g4 42. fxg4+ Kxg4 43. Bxa7 Bxa7 44. Kxa7 f5 45. b5 f4 46. b6 f3 47. b7 f2 48. b8=Q f1=Q 49. Qg3+ Kh5 50. Kb6 Qf6+ 51. Kc5 Qg5+ 52. Kd4 Qxg3 53. hxg3 Kg4 54. Ke4 Kxg3 1/2-1/2


[Site "https://www.chess.com"]

[Event "Titled Tuesday Blitz April 4 Early 2023"]
[White "Corrales Jimenez, Fidel"]
[Black "Thomforde-Toates, Noah"]
[WhiteFideId "3506690"]
[BlackFideId "30951992"]
[WhiteElo "2541"]
[BlackElo "2693"]
[Result "1-0"]
[Round "07"]
[TimeControl "180+2"]
[Date "2023.04.04"]
[WhiteClock "0:02:12"]
[BlackClock "0:01:04"]

1. e4 c5 2. d4 cxd4 3. c3 d3 4. Bxd3 Nc6 5. f4 d6 6. Nf3 Bg4 7. h3 Bxf3 8. Qxf3 g6 9. Be3 Bg7 10. Nd2 Nf6 11. g4 h5 12. g5 Nd7 13. O-O-O Qa5 14. Kb1 O-O 15. Nb3 Qc7 16. Rhe1 a6 17. e5 dxe5 18. f5 e4 19. Qxe4 Qe5 20. fxg6 Qxe4 21. Bxe4 Nde5 22. gxf7+ Kxf7 23. Nc5 b6 24. Nd7 Rad8 25. Nxe5+ Nxe5 26. Bxb6 Rxd1+ 27. Rxd1 Ke6 28. Re1 h4 29. Bd4 Kd6 30. a4 Bh8 31. a5 Nf3 32. Bxf3 Bxd4 33. Rd1 Rxf3 34. Rxd4+ Ke5 35. Rxh4 Kf5 36. Rh6 Kxg5 37. Rxa6 e5 38. h4+ Kg4 39. Re6 Kf5 40. Re8 Rg3 41. a6 Rg7 42. b4 e4 43. b5 Kf4 44. b6 Rg6 45. b7 1-0


[Site "https://www.chess.com"]

[Event "Titled Tuesday Blitz April 4 Early 2023"]
[White "Moroni, Luca Jr"]
[Black "Ahn, Hongjin"]
[WhiteFideId "865834"]
[BlackFideId "13201492"]
[WhiteElo "2569"]
[BlackElo "2182"]
[Result "1-0"]
[Round "07"]
[TimeControl "180+2"]
[Date "2023.04.04"]
[WhiteClock "0:00:33"]
[BlackClock "0:00:15"]

1. d4 Nf6 2. Bf4 d6 3. Nc3 Bf5 4. f3 Bg6 5. e4 Nc6 6. Bb5 a6 7. Ba4 b5 8. Nxb5 e5 9. Nc3 exf4 10. Bxc6+ Nd7 11. Bxa8 Qxa8 12. Nge2 Be7 13. Nxf4 O-O 14. O-O Qb7 15. b3 c6 16. Qd3 Bg5 17. Nce2 d5 18. Nxg6 hxg6 19. e5 Qb6 20. f4 Be7 21. c4 Re8 22. c5 Qb4 23. a3 Qb7 24. f5 Nf8 25. b4 Bg5 26. Rab1 Qc8 27. Kh1 f6 28. fxg6 fxe5 29. dxe5 Rxe5 30. Ng3 Bf6 31. a4 Rg5 32. b5 cxb5 33. axb5 axb5 34. Qxb5 Rxg6 35. c6 Qe6 36. c7 Be5 37. Rxf8+ Kh7 38. c8=Q 1-0


[Site "https://www.chess.com"]

[Event "Titled Tuesday Blitz April 4 Early 2023"]
[White "Bachmann, Axel"]
[Black "Devaev, Alexander"]
[WhiteFideId "3700488"]
[BlackFideId "4169395"]
[WhiteElo "2605"]
[BlackElo "2204"]
[Result "1-0"]
[Round "07"]
[TimeControl "180+2"]
[Date "2023.04.04"]
[WhiteClock "0:00:11"]
[BlackClock "0:00:08"]

1. Nf3 Nf6 2. c4 c5 3. Nc3 e6 4. g3 Nc6 5. Bg2 Be7 6. O-O O-O 7. d4 cxd4 8. Nxd4 Ne5 9. b3 d6 10. Qd2 a6 11. Rd1 Qc7 12. Bb2 Rb8 13. Rac1 Re8 14. f4 Ng6 15. e4 Bf8 16. Kh1 b6 17. Nd5 exd5 18. cxd5 Qb7 19. Nc6 Nd7 20. e5 b5 21. Re1 Nc5 22. exd6 Rxe1+ 23. Rxe1 Bf5 24. Nxb8 Qxb8 25. Ba3 Bxd6 26. Qe3 Qb6 27. Qe8+ Nf8 28. h3 b4 29. Bb2 Nd3 30. Re2 Nxb2 31. Rxb2 Bd7 32. Qe4 a5 33. Rc2 h6 34. Kh2 Qb8 35. Qd4 a4 36. h4 a3 37. Bh3 Bxh3 38. Kxh3 Qe8 39. Kg2 h5 40. Qd3 Nh7 41. Qf5 Nf6 42. Rc8 g6 43. Rxe8+ Nxe8 44. Qd7 Kf8 45. Kf3 Be7 46. Qb7 Bd6 47. f5 gxf5 48. Qc8 1-0


[Site "https://www.chess.com"]

[Event "Titled Tuesday Blitz April 4 Early 2023"]
[White "Bortnyk, Olexandr"]
[Black "Hasangatin, Ramil"]
[WhiteFideId "14120828"]
[BlackFideId "4122160"]
[WhiteElo "2734"]
[BlackElo "2275"]
[Result "1-0"]
[Round "07"]
[TimeControl "180+2"]
[Date "2023.04.04"]
[WhiteClock "0:01:02"]
[BlackClock "0:00:08"]

1. d4 d6 2. Nc3 Nf6 3. e4 e5 4. Nf3 Nbd7 5. Bc4 Be7 6. O-O O-O 7. a4 c6 8. h3 exd4 9. Nxd4 Ne5 10. Bb3 Re8 11. f4 Ng6 12. Qf3 Bf8 13. Bd2 a5 14. Rae1 Qc7 15. Kh1 Bd7 16. Qg3 Rad8 17. f5 Ne5 18. Bg5 Be7 19. Nf3 Nh5 20. Qh4 Bxg5 21. Nxg5 Nf6 22. Ne2 d5 23. exd5 h6 24. Ne6 fxe6 25. dxe6 Bc8 26. Qg3 Nh5 27. Qh4 Nf6 28. Qg3 Nh5 29. Qh2 c5 30. e7+ c4 31. exd8=Q Rxd8 32. Bxc4+ Qxc4 33. Qxe5 Qxc2 34. Rc1 Qxe2 35. Qxe2 Ng3+ 36. Kh2 Nxe2 37. Rc4 Nd4 38. Rd1 Bxf5 39. Rcxd4 Re8 40. Rd8 Kf7 41. Rxe8 Kxe8 42. Rd5 Bd7 43. Rxa5 Bc6 44. b3 Kd7 45. Rc5 Kd6 46. Rc3 Kd5 47. h4 Kd4 48. Rg3 Bd5 49. Rxg7 Kc3 50. Rg6 Kxb3 51. a5 h5 52. Rg5 Kc4 53. Rxh5 Bc6 54. Rg5 1-0


[Site "https://www.chess.com"]

[Event "Titled Tuesday Blitz April 4 Early 2023"]
[White "Bacrot, Etienne"]
[Black "Papasimakopoulos, Alexandros"]
[WhiteFideId "605506"]
[BlackFideId "4244125"]
[WhiteElo "2663"]
[BlackElo "2359"]
[Result "0-1"]
[Round "07"]
[TimeControl "180+2"]
[Date "2023.04.04"]
[WhiteClock "0:00:03"]
[BlackClock "0:00:15"]

1. d4 e6 2. Nf3 Nf6 3. c4 Bb4+ 4. Bd2 Qe7 5. Nc3 b6 6. g3 Bb7 7. Bg2 Bxc3 8. Bxc3 Ne4 9. Rc1 Nxc3 10. Rxc3 Be4 11. O-O O-O 12. Qd2 d6 13. c5 bxc5 14. dxc5 d5 15. c6 a5 16. Rfc1 Na6 17. Ne5 Bxg2 18. Kxg2 Nb4 19. Ra1 f6 20. Nf3 Ra6 21. Nd4 e5 22. Nb5 d4 23. Rc4 Rb6 24. a4 Rxc6 25. Rxc6 Nxc6 26. Rc1 Qd7 27. Qd3 Qd5+ 28. e4 Nb4 29. exd5 Nxd3 30. Rxc7 Nxb2 31. d6 Nxa4 32. d7 Nb6 33. Rb7 Nxd7 34. Rxd7 Ra8 35. Kf1 a4 36. Na3 h5 37. h4 Kh7 38. Ke2 Kg6 39. Kd2 Ra6 40. Rb7 Ra8 41. Rb4 Kf5 42. Kd3 Kg4 43. Ke2 Kf5 44. Rb7 g6 45. Rb5 Kg4 46. Rb4 Ra5 47. Rc4 g5 48. hxg5 fxg5 49. Rb4 h4 50. gxh4 gxh4 51. Nc4 Ra8 52. Nxe5+ Kf5 53. Nf3 a3 54. Rb1 a2 55. Ra1 h3 56. Kf1 Ke4 57. Nd2+ Kd3 58. Nb3 Kc3 59. Nc1 Kb2 60. Rxa2+ Rxa2 61. Nxa2 Kxa2 62. f4 d3 63. f5 h2 64. Kg2 d2 65. f6 h1=Q+ 0-1


[Site "https://www.chess.com"]

[Event "Titled Tuesday Blitz April 4 Early 2023"]
[White "Schmakel, Sam"]
[Black "Rakhmatullaev, Almas"]
[WhiteFideId "2039311"]
[BlackFideId "14205793"]
[WhiteElo "2356"]
[BlackElo "2221"]
[Result "0-1"]
[Round "07"]
[TimeControl "180+2"]
[Date "2023.04.04"]
[WhiteClock "0:00:18"]
[BlackClock "0:01:15"]

1. Nf3 Nf6 2. g3 g6 3. Bg2 Bg7 4. O-O O-O 5. d4 d6 6. Nc3 Nbd7 7. a4 a6 8. a5 Rb8 9. e4 e5 10. h3 Re8 11. Re1 h6 12. Be3 Qe7 13. Qd2 Kh7 14. Qe2 exd4 15. Nxd4 Nc5 16. f3 c6 17. Qf2 Bd7 18. Rad1 Rbd8 19. Nde2 Bc8 20. Nf4 Ne6 21. Bb6 Rd7 22. Nfd5 cxd5 23. exd5 Qf8 24. dxe6 fxe6 25. f4 Rf7 26. Qd2 d5 27. Qe3 Bd7 28. Bc5 Qh8 29. Bd4 Bc6 30. Rd2 Nh5 31. Kh2 Qf8 32. Bf1 e5 33. Bxe5 Bxe5 34. fxe5 Rxf1 35. Rxf1 Qxf1 36. Rf2 d4 0-1


[Site "https://www.chess.com"]

[Event "Titled Tuesday Blitz April 4 Early 2023"]
[White "Zakhartsov, Vladimir"]
[Black "polandchessplayer"]
[WhiteFideId "4145097"]
[WhiteElo "2497"]
[BlackElo "2701"]
[Result "1-0"]
[Round "07"]
[TimeControl "180+2"]
[Date "2023.04.04"]
[WhiteClock "0:00:08"]
[BlackClock "0:00:06"]

1. e4 c6 2. Nf3 d5 3. Nc3 dxe4 4. Nxe4 Nf6 5. Qe2 Nxe4 6. Qxe4 Qd5 7. Qf4 Qf5 8. Qc4 Qe6+ 9. Be2 Qxc4 10. Bxc4 Nd7 11. d4 e6 12. a4 Be7 13. a5 O-O 14. c3 Rb8 15. Bf4 Ra8 16. O-O Nf6 17. Rfe1 Nd5 18. Bd2 Bd6 19. Bd3 Bd7 20. Bf1 b5 21. axb6 axb6 22. Ng5 Nf6 23. Bd3 h6 24. Nf3 c5 25. h3 Bc6 26. dxc5 bxc5 27. Be3 Bxf3 28. gxf3 Nd5 29. Rxa8 Rxa8 30. Be4 Rb8 31. Bc1 Bf8 32. Rd1 Nb6 33. Bc2 Nd5 34. Be4 Nb6 35. Bf4 Rc8 36. Bb7 Re8 37. Bc7 Re7 38. Bxb6 Rxb7 39. Ba5 Rxb2 40. Rd8 f6 41. Bc7 Kf7 42. Rd7+ Kg6 43. Rd8 Rb7 44. Bb8 Be7 45. Rc8 Rb3 46. Bg3 Rxc3 47. Rc7 Bf8 48. Rc8 Kf7 49. Rc7+ Kg8 50. Rc8 e5 51. f4 exf4 52. Bxf4 Rd3 53. Be3 Rd5 54. h4 g5 55. hxg5 hxg5 56. Kg2 Kf7 57. Kg3 Bd6+ 58. Kf3 Kg6 59. Rd8 Kf5 60. Bxc5 Rxc5 61. Rxd6 Rc3+ 62. Kg2 Ke5 63. Ra6 Rc4 64. Kg3 Kf5 65. Ra5+ Kg6 66. f3 Rh4 67. Rb5 Rh8 68. Ra5 Rh1 69. Rb5 f5 70. Rb6+ Kh5 71. Rf6 f4+ 72. Kg2 Re1 73. Rf8 Re2+ 74. Kf1 Ra2 75. Rh8+ Kg6 76. Rb8 g4 77. Rg8+ Kf5 78. Rxg4 Ra3 79. Kf2 Ra2+ 80. Kg1 Ra3 81. Kg2 Ra2+ 82. Kg1 Ra3 83. Kf2 Ra2+ 84. Kf1 Ra3 85. Ke2 Re3+ 86. Kf2 Ra3 87. Rg8 Ra2+ 88. Kf1 Ra1+ 89. Kg2 Ra3 90. Rf8+ Kg5 91. Rf7 Ra2+ 92. Kg1 Ra3 93. Kf2 Ra2+ 94. Kf1 Kh4 95. Rg7 Ra1+ 96. Ke2 Ra2+ 97. Kd3 Kh5 98. Ke4 Kh6 99. Rg8 Ra4+ 100. Kf5 Kh7 101. Rg1 Rb4 102. Kf6 Rb6+ 103. Kf5 Rb4 104. Rg4 Ra4 105. Rxf4 Ra5+ 106. Kf6 Ra6+ 107. Kf7 Ra7+ 108. Kf8 Ra8+ 109. Ke7 Ra7+ 110. Kf6 Kg8 111. Rg4+ Kf8 112. f4 Ra6+ 113. Kg5 Kf7 114. f5 Ra5 115. Rb4 Ra1 116. Rb7+ Kf8 117. Kg6 Re1 118. Rb8+ Ke7 119. f6+ Kd7 120. f7 Rg1+ 121. Kh5 Rh1+ 122. Kg4 Rg1+ 123. Kh3 Rf1 124. f8=Q Rxf8 125. Rxf8 1-0


[Site "https://www.chess.com"]

[Event "Titled Tuesday Blitz April 4 Early 2023"]
[White "Zhigalko, Sergei"]
[Black "Skvortsov, Andrei"]
[WhiteFideId "13502956"]
[BlackFideId "24108600"]
[WhiteElo "2626"]
[BlackElo "2259"]
[Result "1-0"]
[Round "07"]
[TimeControl "180+2"]
[Date "2023.04.04"]
[WhiteClock "0:00:04"]
[BlackClock "0:00:06"]

1. e4 d5 2. exd5 Qxd5 3. Nc3 Qe5+ 4. Be2 Bg4 5. d4 Bxe2 6. Ngxe2 Qa5 7. O-O e6 8. d5 exd5 9. Nxd5 Ne7 10. Nec3 Nbc6 11. Nf4 Rd8 12. Nd3 g6 13. Re1 Bg7 14. Bd2 O-O 15. Ne4 Qd5 16. Bh6 Nf5 17. Bxg7 Kxg7 18. Qd2 Rde8 19. Ng3 Nxg3 20. hxg3 Qd4 21. Rad1 h5 22. c3 Qf6 23. Nf4 Rxe1+ 24. Rxe1 Rd8 25. Qe3 Rd6 26. Qe4 Qg5 27. Qe3 Qf5 28. a4 a6 29. b4 Rd7 30. Qf3 Qf6 31. Re3 Re7 32. Qe2 Rxe3 33. Qxe3 Qe5 34. Qxe5+ Nxe5 35. Kf1 g5 36. Nd5 c6 37. Ne3 Kf6 38. Ke2 Ke6 39. a5 f5 40. f4 gxf4 41. gxf4 Ng6 42. Kf3 Ne7 43. Kg3 Kf6 44. Kh4 Kg6 45. Kg3 Ng8 46. Nc4 Nf6 47. Ne5+ Kg7 48. Kh4 Nh7 49. Nc4 Kh6 50. Nd6 Nf6 51. Nxb7 Nd5 52. Nd6 Nxf4 53. Nxf5+ Kh7 54. Ne7 Ne2 55. Nxc6 Nxc3 56. Kxh5 Ne4 57. Kg4 Kg6 58. Kf4 Nd6 59. Ke5 Nb5 60. Kd5 Kf5 61. Kc5 1-0


[Site "https://www.chess.com"]